 Dungeon Crawl Stone Soup version 0.28.0-53-g5a82cb258f (webtiles) character file.

Game seed: 12064582160597271345

9479 Gabide the Grappler (level 11, -4/97 HPs)
             Began as a Mummy Berserker on June 20, 2022.
             Was a Priest of Trog.
             Slain by a quicksilver ooze (12 damage)
             ... in an ice cave.
             The game lasted 00:59:14 (17976 turns).

Gabide the Grappler (Mummy Berserker)              Turns: 17976, Time: 00:59:15

Health: -4/97      AC: 16    Str: 25    XL:     11   Next: 23%
Magic:  1/11       EV: 10    Int:  9    God:    Trog [***...]
Gold:   713        SH:  0    Dex: 12    Spells: 10/10 levels left

rFire   . . .      SeeInvis .     - Unarmed
rCold   + + +      Faith    .   (no shield)
rNeg    + + +      Spirit   .   s - +3 scale mail {rC+}
rPois   ∞          Reflect  .   c - +2 helmet {Int+3}
rElec   .          Harm     .   p - +1 cloak
rCorr   .          Rampage  .   h - +0 pair of gloves
Will    +++..                   w - +0 pair of boots
Stlth   ..........              (no amulet)
HPRegen 1.26/turn               v - ring of protection from cold
MPRegen 0.12/turn               g - ring of protection from fire

@: about to teleport, engulfed, strong-willed, regenerating
A: cold resistance 1, negative energy resistance 3, torment resistance 2, heat
vulnerability 1, no potions
a: Renounce Religion, Trog's Hand


You were in an ice cave.
You worshipped Trog.
Trog was most pleased with you.
You visited 2 branches of the dungeon, and saw 12 of its levels.
You visited the Abyss 1 time.
You also visited: Ice Cave.

You collected 713 gold pieces.

Inventory:

Hand Weapons
 a - a +0 hunting sling
Missiles
 i - 13 sling bullets
 m - a boomerang
 r - a throwing net
 A - a curare-tipped dart
Armour
 c - a +2 helmet of intelligence (worn)
 h - a +0 pair of gloves (worn)
 p - a +1 cloak (worn)
 s - a +3 scale mail of cold resistance (worn)
 w - a +0 pair of boots (worn)
Jewellery
 e - a +6 ring of intelligence
 g - a ring of protection from fire (right hand)
 j - a ring of see invisible
 k - a ring of ice
 v - a ring of protection from cold (left hand)
 z - a ring of resist corrosion
Wands
 b - a wand of mindburst (13)
 t - a wand of polymorph (8)
 x - a wand of paralysis (1) (quivered)
Scrolls
 d - 2 scrolls of immolation
 f - a scroll of noise
 l - 8 scrolls of vulnerability
 o - a scroll of identify
 q - 2 scrolls of fog
 u - a scroll of silence


   Skills:
 + Level 12.8 Fighting
 - Level 1.5 Armour
 - Level 1.5 Dodging
 + Level 13.5 Unarmed Combat


You had 10 spell levels left.
You didn't know any spells.
Your spell library was empty.

Dungeon Overview and Level Annotations

Branches:
Dungeon (11/15)            Temple (0/1) D:7            Lair (1/6) D:11
    Orc (0/2) D:10          IceCv (1/1)

Altars:
Cheibriados
Elyvilon
Kikubaaqudgha
Nemelex Xobeh
Ru
Sif Muna
Trog
Wu Jian
Xom
Yredelemnul
Zin
Beogh

Shops:
D:7 :   D:8 *

Annotations:
D:8 exclusion: downstairs


Innate Abilities, Weirdness & Mutations

You are immune to poison.
Your flesh is cold resistant. (rC+)
You are immune to negative energy. (rN+++)
You are immune to unholy pain and torment.
You are vulnerable to heat. (rF-)
You do not drink.


Message History

Okay, then.
Unknown command.
Unknown command.
Unknown command.
Unknown command.
You miss the quicksilver ooze.
The quicksilver ooze is lightly wounded.
The quicksilver ooze hits you! The quicksilver ooze engulfs you!
The quicksilver ooze hits you but does no damage.
You closely miss the quicksilver ooze.
The quicksilver ooze is lightly wounded.
The quicksilver ooze hits you. The quicksilver ooze barely misses you.
You miss the quicksilver ooze.
The quicksilver ooze is lightly wounded.
The quicksilver ooze hits you. x2
Okay, then.
Unknown command.
Unknown command.
Unknown command.
You slip free of the ooze engulfing you.
The ooze engulfing you falls away. The quicksilver ooze hits you.
* * * LOW HITPOINT WARNING * * *
The quicksilver ooze engulfs you! The quicksilver ooze barely misses you.
You slip free of the ooze engulfing you.
The ooze engulfing you falls away. The quicksilver ooze hits you.
* * * LOW HITPOINT WARNING * * *
The quicksilver ooze barely misses you. The quicksilver ooze hits you!
* * * LOW HITPOINT WARNING * * *
The quicksilver ooze engulfs you!
The quicksilver ooze hits you but does no damage.
You barely miss the quicksilver ooze.
The quicksilver ooze is lightly wounded.
The quicksilver ooze hits you!
* * * LOW HITPOINT WARNING * * *
The quicksilver ooze hits you but does no damage.
You can't drink.
As you read the scroll of teleportation, it crumbles to dust.
You feel strangely unstable. The quicksilver ooze hits you!
You die...

....... ##.....
##....# #...#.#
##..##.# #..##(:#
#..#.).#
##J##..##
#.@##..# ###
#..#..##
##.####.##..#
#...##..#..##
#∩∩.....#..##
#...##..#...# .##
##.####.##..##..#
### #..#..##..##
#..##.##...#..


You could see a quicksilver ooze.

Vanquished Creatures
  A quicksilver ooze (IceCv)
  Harold (D:9)
  Pikel (D:6)
  Psyche (D:8)
  An entropy weaver simulacrum (IceCv)
  3 trolls (D:11)
  Grinder (D:6)
  A hornet (D:11)
  3 wyverns
  A wraith (D:11)
  A shadow (D:11)
  Eustachio (D:4)
  A steam dragon (D:8)
  Edmund (D:5)
  3 demonic crawler simulacra (IceCv)
  Duvessa (D:5)
  A sky beast (D:10)
  A hornet zombie (D:8)
  8 orc warriors
  3 black bears
  A necrophage (D:5)
  5 boggarts
  2 centaurs
  A wolf (D:10)
  A lemure (D:6)
  2 kobold brigands
  3 scorpions
  5 bullfrogs
  A gnoll sergeant (D:11)
  A glowing shapeshifter simulacrum (IceCv)
  2 water moccasin zombies
  Dowan (D:5)
  A water moccasin skeleton (D:6)
  2 electric eels (Lair:1)
  4 howler monkeys
  A centaur zombie (D:6)
  2 jellies
  9 orc priests
  3 centaur skeletons
  4 hounds
  2 gnoll shamans
  Crazy Yiuf (D:5)
  2 bullfrog skeletons
  13 orc wizards
  3 iguanas
  2 killer bee zombies
  A hound skeleton (D:4)
  3 howler monkey zombies
  2 adders
  17 gnolls
  A river rat (D:6)
  A shadow imp (D:7)
  An ufetubus (D:4)
  4 worms
  3 dart slugs
  41 orcs
  9 ball pythons
  6 bats
  9 endoplasms
  A giant cockroach (D:4)
  5 goblins
  5 hobgoblins
  6 jackals
  A quokka (D:2)
  5 frilled lizards
  17 kobolds
  13 rats
  A spectral kobold (D:2)
261 creatures vanquished.

Vanquished Creatures (collateral kills)
  An ugly thing simulacrum (IceCv)
1 creature vanquished.

Vanquished Creatures (others)
  A quokka (D:6)
  A fungus (D:11)
  2 plants
4 creatures vanquished.

Grand Total: 266 creatures vanquished

Notes
Turn   | Place    | Note
-------+----------+-------------------------------------------
     0 | D:1      | Gabide the Mummy Berserker began the quest for the Orb.
     0 | D:1      | Reached XP level 1. HP: 18/18 MP: 1/1
   357 | D:1      | Reached XP level 2. HP: 24/24 MP: 2/2
  1065 | D:1      | Reached skill level 3 in Unarmed Combat
  1203 | D:1      | Reached XP level 3. HP: 28/29 MP: 3/3
  2749 | D:2      | Found a faded altar of an unknown god.
  3658 | D:3      | Reached XP level 4. HP: 31/38 MP: 4/4
  3752 | D:3      | Reached XP level 5. HP: 43/43 MP: 5/5
  3914 | D:3      | Reached ** piety under Trog
  4036 | D:3      | Found a sparkling altar of Nemelex Xobeh.
  4149 | D:3      | Found an ancient bone altar of Kikubaaqudgha.
  4263 | D:3      | Found an ornate altar of the Wu Jian Council.
  4916 | D:4      | Noticed Eustachio
  5171 | D:4      | Killed Eustachio
  5172 | D:4      | Reached skill level 5 in Fighting
  5172 | D:4      | Reached skill level 4 in Unarmed Combat
  5172 | D:4      | Reached XP level 6. HP: 23/51 MP: 6/6
  6465 | D:4      | Found a bloodstained altar of Trog.
  6569 | D:5      | Entered Level 5 of the Dungeon
  6587 | D:4      | Reached skill level 5 in Unarmed Combat
  6587 | D:4      | Reached XP level 7. HP: 55/58 MP: 7/7
  6803 | D:5      | Found a runed translucent door.
  6804 | D:5      | Noticed Crazy Yiuf
  7160 | D:5      | Identified the +0 ring mail "Tistufa" {+Inv}
  7249 | D:5      | Found a shimmering blue altar of Sif Muna.
  7642 | D:6      | Identified a scroll of acquirement
  7643 | D:6      | Acquired a manual of Unarmed Combat
  7702 | D:6      | Noticed Edmund
  7855 | D:6      | Reached skill level 6 in Unarmed Combat
  7855 | D:6      | Reached XP level 8. HP: 62/67 MP: 8/8
  7890 | D:6      | Noticed Duvessa
  7890 | D:6      | Noticed Dowan
  7960 | D:5      | Killed Duvessa
  8075 | D:5      | Killed Dowan
  8236 | D:5      | Killed Edmund
  8237 | D:5      | Reached skill level 7 in Unarmed Combat
  8541 | D:5      | Killed Crazy Yiuf
  8912 | D:6      | Noticed Pikel
  8946 | D:6      | Killed Pikel
  8947 | D:6      | Reached skill level 8 in Unarmed Combat
  8947 | D:6      | Reached XP level 9. HP: 35/75 MP: 9/9
  9386 | D:6      | Noticed Grinder
  9396 | D:6      | Killed Grinder
  9397 | D:6      | Reached skill level 9 in Unarmed Combat
  9775 | D:6      | Found a shimmering altar of Xom.
  9775 | D:6      | Found a sacrificial altar of Ru.
  9913 | D:7      | Found a snail-covered altar of Cheibriados.
 10065 | D:7      | Found Adinn's Book Emporium.
 10283 | D:7      | Reached skill level 10 in Unarmed Combat
 10489 | D:7      | Reached skill level 10 in Fighting
 10752 | D:7      | Found a staircase to the Ecumenical Temple.
 10788 | D:7      | Identified the +2 leather armour "Jyf Ikh" {Harm rC+ Int+2}
 11300 | D:8      | Noticed Psyche
 11371 | D:8      | Cast into level 1 of the Abyss (Psyche)
 11425 | D:8      | Escaped the Abyss
 11429 | D:8      | Killed Psyche
 11689 | D:8      | Reached skill level 11 in Unarmed Combat
 11712 | D:8      | Found Ucrifoi's Gadget Gallery.
 11964 | D:8      | Reached *** piety under Trog
 12383 | D:9      | Reached XP level 10. HP: 82/86 MP: 10/10
 13452 | D:9      | Noticed Harold
 13678 | D:9      | Noticed a two-headed ogre
 13987 | D:10     | Entered Level 10 of the Dungeon
 14280 | D:10     | Found a basalt altar of Yredelemnul.
 14511 | D:10     | Found a staircase to the Orcish Mines.
 14694 | D:10     | Reached skill level 12 in Unarmed Combat
 15224 | D:10     | Noticed a manticore
 15245 | D:10     | Noticed a six-headed hydra
 15269 | D:9      | HP: 1/88 [Harold/+0 battleaxe (23)]
 15271 | D:9      | Killed Harold
 15929 | D:10     | Noticed Maurice
 15930 | D:10     | Noticed Maurice
 15930 | D:10     | Maurice changed into Maurice the wolf
 15940 | D:10     | Killed Maurice the wolf
 16255 | D:11     | Reached skill level 13 in Unarmed Combat
 16455 | D:11     | Noticed a two-headed ogre
 17231 | D:11     | Found a staircase to the Lair.
 17237 | D:11     | Reached XP level 11. HP: 96/96 MP: 11/11
 17528 | Lair:1   | Entered Level 1 of the Lair of Beasts
 17617 | Lair:1   | Found a frozen archway.
 17622 | IceCv    | Entered an ice cave
 17828 | IceCv    | Noticed a quicksilver ooze
 17838 | IceCv    | Killed a quicksilver ooze
 17962 | IceCv    | Noticed a quicksilver ooze
 17976 | IceCv    | Slain by a quicksilver ooze

Illustrated notes

Levels and vault maps discovered:
D:1:      dpeg_arrival_rhombi, layout_loops_corners, corexii_corridor_pit,
          chequers_serial_rivers_micro_a
D:2:      layout_rooms, dreamdust_ecumenical_altar_drowned_temple,
          hangedman_abyss_or_decor_stabs
D:3:      layout_basic, mainiacjoe_overflow_boulevard,
          nzn_wu_jian_contemplation, nemelex_xobeh_ov_fountains_minmay,
          mainiacjoe_overflow_alcove_4, serial_glass, glass_columns_b,
          glass_columns_a, minmay_misc_feat_encased, hangedman_decor_growths
D:4:      layout_loops_ring, kennysheep_little_box, uniq_eustachio
D:5:      layout_rooms, lemuel_blue_sif_altar, uniq_crazy_yiuf_cottage
D:6:      wad_crossroads, layout_rooms, elyvilon_altar_4,
          gammafunk_temple_overflow_statue, gup_sewer_entry_bubbles,
          uniq_grinder, uniq_pikel, uniq_edmund, uniq_duvessa
D:7:      layout_loops_ring, mainiacjoe_overflow_small_starburst,
          minmay_temple_entry_statues_fountains, kennysheep_windowed_goal
D:8:      layout_gridville, enter_bailey_2, nicolae_shop_gadgets, uniq_psyche
D:9:      layout_big_octagon, uniq_harold
D:10:     layout_cave_pods, kennysheep_mini, minmay_orc_entry_temple_small,
          uniq_maurice
D:11:     layout_basic, grunt_lair_entry_orc_guard_hut
Lair:1:   layout_chaotic_city, portal_ice_cave_entry_pillars_2,
          dpeg_stationary_puzzle, lemuel_fruit_fields, uniq_grum
IceCv:    ice_cave_hellmonk_azure_passage

Skill      XL: |  1  2  3  4  5  6  7  8  9 10 |
---------------+-------------------------------+-----
Unarmed Combat | 3 4 5 6 8 11 13 | 13.5
Fighting       | 4 5 6 7 8 10 12 | 12.8
Armour         | |  1.5
Dodging        | |  1.5

Action                   |  1- 3 |  4- 6 |  7- 9 | 10-12 || total
-------------------------+-------+-------+-------+-------++-------
Melee: Unarmed           |   179 |   206 |   462 |   313 ||  1160
       Punch             |     4 |     2 |    25 |    26 ||    57
 Fire: Hunting sling     |       |    14 |    21 |    23 ||    58
Throw: Stone             |    18 |       |       |       ||    18
       Boomerang         |     9 |    18 |    24 |    19 ||    70
Invok: Trog's Hand       |       |     2 |    13 |    12 ||    27
Evoke: Wand              |       |       |       |    22 ||    22
  Use: Scroll            |     2 |     4 |     6 |     6 ||    18
 Stab: Sleeping          |     2 |       |       |       ||     2
       Distracted        |       |       |     1 |       ||     1
       Paralysed         |       |       |       |     6 ||     6
Armor: Animal skin       |    26 |       |       |       ||    26
       Scale mail        |     8 |    90 |   189 |   193 ||   480
       Plate armour      |       |    58 |       |       ||    58
Dodge: Dodged            |   108 |   128 |   186 |   191 ||   613
